 Dungeon Crawl Stone Soup version 0.27-a0-1431-gcffa5a9b16 (webtiles) character file.

Game seed: 4938570600204232134

93 mandarbmax the Digger (level 4, -2/30 HPs)
             Began as a Formicid Earth Elementalist on July 3, 2021.
             Slain by an orc (4 damage)
             ... on level 2 of the Dungeon.
             The game lasted 00:04:24 (1868 turns).

mandarbmax the Digger (Formicid Earth Elementalist) Turns: 1868, Time: 00:04:25

Health: -2/30      AC:  5    Str: 13    XL:     4   Next: 92%
Magic:  3/7        EV: 11    Int: 15    God:
Gold:   65         SH:  0    Dex: 11    Spells: 5/7 levels left

rFire    + . .     SeeInvis +   l - +3 whip (elec)
rCold    . . .     Faith    .   (no shield)
rNeg     . . .     Spirit   .   e - +2 leather armour {rF+}
rPois    .         Reflect  .   (helmet unavailable)
rElec    .         Harm     .   (no cloak)
rCorr    .         Rampage  .   (no gloves)
Will     .....                  (no boots)
Stlth    ++........             (no amulet)
HPRegen  0.10/turn              (no ring)
MPRegen  0.10/turn              (no ring)

@: mighty, flying
A: permanent stasis, dig shafts and tunnels, antennae 3, four strong arms
a: Dig, Shaft Self


You were on level 2 of the Dungeon.
You visited 1 branch of the dungeon, and saw 3 of its levels.

You collected 65 gold pieces.

Inventory:

Hand Weapons
 l - a +3 whip of electrocution (weapon)
Missiles
 k - 43 stones
Armour
 e - a +2 leather armour of fire resistance (worn)
Wands
 h - a wand of paralysis (5)
Scrolls
 a - a scroll of noise {unknown}
 b - a scroll of immolation {unknown}
 c - a scroll of magic mapping {unknown}
 f - a scroll of identify {unknown}
Potions
 i - a potion of haste {unknown}


   Skills:
 - Level 2.0 Dodging
 - Level 2.4 Stealth
 - Level 2.1 Spellcasting
 - Level 1.1 Transmutations
 + Level 6.2 Earth Magic


You had 5 spell levels left.
You knew the following spells:

 Your Spells              Type           Power      Damage    Failure   Level
a - Sandblast             Erth           40%        2d10      2%          1
z - Animate Skeleton      Necr           2%         N/A       28%         1

Your spell library contained the following spells:

 Spells                   Type           Power      Damage    Failure   Level
 Passwall                 Tmut/Erth      10%        N/A       10%         2
 Stone Arrow              Conj/Erth      22%        3d8       22%         3
 Apportation              Tloc           2%         N/A       28%         1
 Corona                   Hex            1%         N/A       28%         1
 Summon Small Mammal      Summ           4%         N/A       28%         1
 Ensorcelled Hibernation  Hex/Ice        2%         N/A       38%         2
 Slow                     Hex            1%         N/A       38%         2
 Petrify                  Tmut/Erth      12%        N/A       52%         4
 Lee's Rapid Deconstruct  Erth           10%        3d9*      52%         5
 Spider Form              Tmut/Pois      1%         N/A       54%         3
 Confusing Touch          Hex            1%         N/A       63%         3
 Yara's Violent Unravell  Hex/Tmut       1%         3d3       99%         5
 Shadow Creatures         Summ           N/A        N/A       100%        6


Dungeon Overview and Level Annotations

Branches:
Dungeon (3/15)

Altars:

Shops:
D:1 !


Innate Abilities, Weirdness & Mutations

You cannot be hasted, slowed, berserked, paralysed or teleported.
You can dig through walls and to a lower floor.
You have a pair of large antennae on your head. (SInv)
Your four strong arms can wield two-handed weapons with a shield.


Message History

There is a stone staircase leading down here.
The blast of sand hits the orc.
The orc is heavily wounded.
The jackal barely misses you. The orc hits you with a +0 flail!
* * * LOW HITPOINT WARNING * * *
You are too injured to fight recklessly!
You are too injured to fight recklessly!
You are too injured to fight recklessly!
Casting: Sandblast (safe; 2% risk of failure)
Confirm with . or Enter, or press ? or * to list all spells.
Aiming: Sandblast (safe; 2% risk of failure)
Press: ? - help, Shift-Dir - straight line, f/p - orc
Aim: an orc, wielding a +0 flail and wearing a +0 scale mail (heavily wounded, 83% to hit)
The blast of sand hits the orc.
The orc is severely wounded.
The jackal bites you.
* * * LOW HITPOINT WARNING * * *
The orc hits you with a +0 flail.
* * * LOW HITPOINT WARNING * * *
The jackal bites you.
* * * LOW HITPOINT WARNING * * *
Casting: Sandblast (safe; 2% risk of failure)
Confirm with . or Enter, or press ? or * to list all spells.
Aiming: Sandblast (safe; 2% risk of failure)
Press: ? - help, Shift-Dir - straight line, f/p - orc
Aim: an orc, wielding a +0 flail and wearing a +0 scale mail (severely wounded, 83% to hit)
The blast of sand hits the orc but does no damage.
The orc is severely wounded.
The jackal barely misses you. The orc closely misses you.
Unknown command.
It was a potion of flight.
You feel very buoyant.
You fly up into the air.
The jackal bites you but does no damage.
The orc misses you. The jackal bites you.
* * * LOW HITPOINT WARNING * * *
It was a potion of might.
You feel very mighty all of a sudden. The jackal barely misses you.
The orc hits you with a +0 flail.
You die...

#...........## #......#
#............###......#
#.............##......#
############..........######
####...##.......#
###########..##....[..#
#.........#...........#
#....[....#..#.[.......
#.....@)..##.....##.###
#....h.o..###.#........
#...............>...###
#.................>....
#................(....#
#......................
##..............###...#.
#...............###.....
#.#####.##......).#.....


You could see an orc and a jackal.

Vanquished Creatures
  Jessica (D:2)
  An adder (D:2)
  A worm (D:2)
  2 orcs (D:2)
  4 endoplasms
  A giant cockroach (D:1)
  4 goblins
  4 hobgoblins
  5 jackals (D:2)
  6 kobolds
  A quokka (D:1)
  7 ball pythons
  12 frilled lizards
  5 rats
54 creatures vanquished.

Vanquished Creatures (others)
  7 plants (D:2)
7 creatures vanquished.

Grand Total: 61 creatures vanquished

Notes
Turn   | Place    | Note
-------+----------+-------------------------------------------
     0 | D:1      | mandarbmax the Formicid Earth Elementalist began the quest
                  | for the Orb.
     0 | D:1      | Reached XP level 1. HP: 13/13 MP: 3/3
    77 | D:1      | Reached skill level 4 in Earth Magic
   165 | D:1      | Reached XP level 2. HP: 19/19 MP: 3/5
   270 | D:1      | Learned a level 1 spell: Animate Skeleton
   448 | D:1      | Found Ijikhly's Distillery.
   579 | D:1      | Reached XP level 3. HP: 22/24 MP: 1/6
   740 | D:2      | Reached skill level 5 in Earth Magic
  1207 | D:2      | Reached XP level 4. HP: 30/30 MP: 5/7
  1298 | D:2      | Noticed Jessica
  1303 | D:2      | Killed Jessica
  1304 | D:2      | Reached skill level 6 in Earth Magic
  1868 | D:2      | Slain by an orc

Illustrated notes

Levels and vault maps discovered:
D:1:      onia_arrival_mini_spirals, layout_rooms, serial_shops, shop,
          chequers_serial_rivers_small_a
D:2:      layout_rooms, minmay_lizard_king, uniq_jessica
D:3:      layout_rooms, lemuel_doored_altar, lemuel_round_altar

Skill      XL: |  1  2  3  4 |
---------------+-------------+-----
Earth Magic    | 4 5 6 |  6.2
Dodging        | 2 |  2.0
Stealth        | |  2.4
Spellcasting   | |  2.1
Transmutations | |  1.1

Action                   |  1- 3 |  4- 6 || total
-------------------------+-------+-------++-------
Melee: Dagger            |    18 |     5 ||    23
 Cast: Sandblast         |    43 |    23 ||    66
       Animate Skeleton  |     2 |       ||     2
 Abil: Dig               |     1 |       ||     1
  Use: Potion            |       |     2 ||     2
Armor: Leather armour    |     8 |    10 ||    18
Dodge: Dodged            |    17 |    20 ||    37

Table legend: (Time is in decaauts)
 A = Elapsed time spent in this place.
 B = Non-inter-level travel time spent in this place.
 C = Inter-level travel time spent in this place.
 D = Time resting spent in this place.
 E = Time spent auto-exploring this place.
 F = Levels seen in this place.
 G = Mean time per level.
                   A        B        C        D        E       F      G
               +--------+--------+--------+--------+--------+-----+--------+
         Total |   1871 |   1840 |     31 |    562 |    991 |   3 |  623.7 |
       Dungeon |   1871 |   1840 |     31 |    562 |    991 |   3 |  623.7 |
               +--------+--------+--------+--------+--------+-----+--------+

Top non-repeatable levels by time:
     D:2: 933 daAuts
     D:1: 929 daAuts
     D:3: 8 daAuts
